[ AOE2 MATCH · #464472863 ]
UnrankedByzantines vs Vietnamese
Player's team · LOSS
[ REPLAY ANALYSIS · EXTRACTED FROM THE RECORDED GAME ]
Feudal
14:37
Castle
23:58
Imperial
40:52
| APM avg | 27.1 |
| APM peak | 68 |
| eAPM avg | 17.3 |
| Villagers / military | 159 / 497 |
Focus
⚔️ 39.9% · 🌾 60.1%
Skirmisher ×346 · Fishing Ship ×57 · Scout Cavalry ×41 · Cataphract ×29 · Trebuchet (Packed) ×23 · Knight ×14
Feudal
—
Castle
—
Imperial
—
| APM avg | 16.2 |
| APM peak | 33 |
| eAPM avg | 10.2 |
| Villagers / military | 235 / 315 |
Focus
⚔️ 41.1% · 🌾 58.9%
Fire Lancer ×124 · Skirmisher ×117 · Archer ×36 · Bombard Cannon ×19 · Fishing Ship ×15 · Trebuchet (Packed) ×10
Match map
Initial resources + every placement click. Lines = walls · curves = elevation contours. ◆ gold · ⬟ stone · ● berries · ✦ relic · ◌ wall gap
Your base· Open — 7t gap
TheDugieBoys's base· Open — unwalled flank
Smoothed initial terrain · ◌ = detected wall gap · hover for details
Inputs per minute
— Nebuchadnezzar - - TheDugieBoys
Build order — Nebuchadnezzar
First 150 of 560 actions detected
| 0:40 | Build | Town Center |
| 1:40 | Build | House |
| 1:41 | Build | House |
| 2:39 | Create | Villager (Male) |
| 2:39 | Create | Villager (Male) |
| 2:39 | Create | Villager (Male) |
| 2:40 | Create | Villager (Male) |
| 2:40 | Create | Villager (Male) |
| 3:40 | Create | Villager (Male) |
| 4:28 | Build | Lumber Camp |
| 4:30 | Create | Villager (Male) |
| 4:56 | Create | Villager (Male) |
| 5:29 | Create | Villager (Male) |
| 5:47 | Research | Loom |
| 6:28 | Create | Villager (Male) |
| 6:29 | Create | Villager (Male) |
| 6:29 | Create | Villager (Male) |
| 7:05 | Build | House |
| 7:06 | Build | House |
| 7:11 | Create | Villager (Male) |
| 7:11 | Create | Villager (Male) |
| 8:08 | Create | Villager (Male) |
| 8:09 | Create | Villager (Male) |
| 8:15 | Build | Dock |
| 8:34 | Create | Villager (Male) |
| 8:34 | Create | Villager (Male) |
| 9:05 | Create | Fishing Ship |
| 9:05 | Create | Fishing Ship |
| 9:05 | Create | Fishing Ship |
| 9:14 | Build | House |
| 9:16 | Build | House |
| 9:46 | Create | Villager (Male) |
| 9:52 | Create | Fishing Ship |
| 9:53 | Create | Fishing Ship |
| 10:02 | Create | Villager (Male) |
| 10:21 | Create | Villager (Male) |
| 10:26 | Create | Fishing Ship |
| 10:26 | Create | Fishing Ship |
| 10:53 | Create | Fishing Ship |
| 10:53 | Create | Fishing Ship |
| 11:14 | Build | Mill |
| 11:27 | Create | Villager (Male) |
| 11:38 | Create | Villager (Male) |
| 11:49 | Build | House |
| 12:23 | Build | Mining Camp |
| 12:27 | Research | Feudal Age |
| 13:11 | Create | Villager (Male) |
| 13:13 | Create | Villager (Male) |
| 13:29 | Build | Barracks |
| 13:31 | Build | House |
| 13:33 | Build | House |
| 13:39 | Create | Villager (Male) |
| 13:40 | Create | Villager (Male) |
| 13:47 | Create | Fishing Ship |
| 13:47 | Create | Fishing Ship |
| 14:10 | Create | Villager (Male) |
| 14:37 | Age | Feudal Age |
| 14:48 | Build | Archery Range |
| 14:52 | Create | Villager (Male) |
| 14:58 | Create | Villager (Male) |
| 15:06 | Research | Tech 906 |
| 15:19 | Create | Villager (Male) |
| 15:26 | Build | House |
| 15:27 | Build | House |
| 15:28 | Create | Villager (Male) |
| 15:29 | Create | Villager (Male) |
| 15:34 | Create | Villager (Male) |
| 15:40 | Create | Villager (Male) |
| 15:43 | Create | Demolition Raft |
| 15:43 | Create | Demolition Raft |
| 15:48 | Create | Fire Galley |
| 15:49 | Create | Fire Galley |
| 15:49 | Create | Fire Galley |
| 15:53 | Create | Villager (Male) |
| 16:34 | Build | Archery Range |
| 16:38 | Create | Villager (Male) |
| 16:48 | Create | Villager (Male) |
| 16:53 | Build | House |
| 16:59 | Create | Villager (Male) |
| 17:24 | Create | Archer ×5 |
| 17:24 | Create | Archer ×5 |
| 17:29 | Build | House |
| 17:31 | Create | Villager (Male) |
| 17:35 | Create | Villager (Male) |
| 17:40 | Create | Villager (Male) |
| 17:58 | Build | Watch Tower |
| 18:03 | Build | House |
| 18:31 | Build | Palisade Wall |
| 18:45 | Create | Villager (Male) |
| 19:02 | Create | Villager (Male) |
| 19:17 | Build | Blacksmith |
| 19:18 | Create | Villager (Male) |
| 19:24 | Create | Fire Galley |
| 19:24 | Create | Fire Galley |
| 19:37 | Create | Villager (Male) |
| 19:58 | Build | House |
| 20:07 | Create | Villager (Male) |
| 20:20 | Create | Villager (Male) |
| 20:39 | Create | Unit 2626 |
| 20:39 | Create | Unit 2626 |
| 20:39 | Create | Unit 2626 |
| 20:43 | Create | Villager (Male) |
| 20:56 | Research | Fletching |
| 21:01 | Research | Castle Age |
| 21:06 | Create | Villager (Male) |
| 21:06 | Create | Villager (Male) |
| 21:17 | Create | Villager (Male) |
| 21:21 | Build | Farm |
| 21:25 | Research | Fletching |
| 21:42 | Create | Unit 2626 |
| 21:42 | Create | Unit 2626 |
| 21:42 | Create | Unit 2626 |
| 22:21 | Create | Villager (Male) |
| 22:37 | Research | Padded Archer Armor |
| 23:16 | Build | House |
| 23:17 | Build | House |
| 23:58 | Age | Castle Age |
| 24:03 | Build | Town Center |
| 24:07 | Create | Villager (Male) |
| 24:07 | Create | Villager (Male) |
| 24:07 | Create | Villager (Male) |
| 24:28 | Create | Villager (Male) |
| 24:45 | Build | Castle |
| 24:54 | Build | House |
| 26:01 | Research | Leather Archer Armor |
| 26:35 | Create | Villager (Male) |
| 26:43 | Research | Elite Skirmisher (upgrade) |
| 26:44 | Create | Villager (Male) |
| 26:51 | Build | Archery Range |
| 27:04 | Create | Villager (Male) |
| 27:35 | Build | Farm |
| 27:36 | Build | Farm |
| 27:36 | Build | Farm |
| 27:36 | Build | Farm |
| 27:36 | Build | Farm |
| 27:37 | Build | Farm |
| 27:37 | Build | Farm |
| 27:37 | Build | Farm |
| 28:00 | Create | Villager (Male) |
| 28:09 | Build | Farm |
| 28:10 | Create | Villager (Male) |
| 28:26 | Create | Villager (Male) |
| 28:27 | Create | Villager (Male) |
| 29:18 | Build | Dock |
| 29:19 | Create | Villager (Male) |
| 29:20 | Create | Villager (Male) |
| 29:24 | Create | Demolition Raft |
| 29:25 | Create | Demolition Raft |
| 29:25 | Create | Demolition Raft |
| 29:25 | Create | Demolition Raft |
Build order — TheDugieBoys
First 150 of 440 actions detected
| 0:33 | Build | Town Center |
| 1:48 | Build | Dock |
| 1:54 | Build | House |
| 2:36 | Build | House |
| 2:44 | Create | Villager (Male) ×4 |
| 4:13 | Research | Loom |
| 4:14 | Create | Villager (Male) |
| 4:25 | Create | Villager (Male) |
| 4:57 | Create | Villager (Male) |
| 5:45 | Create | Villager (Male) ×2 |
| 6:17 | Research | Loom |
| 6:24 | Build | House |
| 7:02 | Create | Villager (Male) |
| 7:34 | Create | Villager (Male) ×4 |
| 7:41 | Create | Fishing Ship |
| 7:46 | Build | House |
| 8:57 | Create | Fishing Ship |
| 8:57 | Create | Fishing Ship |
| 9:02 | Build | House |
| 9:26 | Build | Mining Camp |
| 9:30 | Create | Villager (Male) |
| 9:56 | Create | Villager (Male) |
| 10:11 | Create | Villager (Male) |
| 10:16 | Create | Fishing Ship |
| 10:52 | Build | Mill |
| 10:57 | Create | Villager (Male) ×5 |
| 11:04 | Create | Fishing Ship |
| 11:05 | Create | Fishing Ship |
| 11:07 | Build | House |
| 12:18 | Build | Barracks |
| 12:28 | Research | Feudal Age |
| 12:57 | Create | Fishing Ship |
| 13:06 | Build | House |
| 13:24 | Create | Militia |
| 13:24 | Create | Militia |
| 13:24 | Create | Militia |
| 13:51 | Build | Palisade Wall |
| 13:56 | Create | Villager (Male) |
| 14:04 | Create | Fishing Ship |
| 14:32 | Create | Fishing Ship |
| 14:52 | Research | Man-at-Arms (upgrade) |
| 15:17 | Build | House |
| 15:30 | Build | Building 800 |
| 15:37 | Create | Villager (Male) ×5 |
| 15:49 | Build | Archery Range |
| 16:00 | Create | Militia |
| 16:01 | Research | Arson |
| 16:28 | Create | Fishing Ship |
| 16:33 | Build | House |
| 16:43 | Create | Unit 2626 |
| 16:43 | Create | Unit 2626 |
| 17:26 | Build | House |
| 17:29 | Build | House |
| 17:31 | Build | House |
| 17:38 | Create | Villager (Male) |
| 17:41 | Create | Militia |
| 17:41 | Create | Militia |
| 17:55 | Build | Blacksmith |
| 18:45 | Create | Villager (Male) |
| 18:45 | Create | Villager (Male) |
| 18:55 | Create | Archer |
| 18:55 | Create | Archer |
| 18:56 | Create | Archer |
| 19:09 | Research | Castle Age |
| 19:18 | Build | Archery Range |
| 19:31 | Build | Palisade Wall |
| 19:43 | Research | Castle Age |
| 19:53 | Build | Lumber Camp |
| 20:07 | Build | Farm |
| 20:07 | Build | Farm |
| 20:08 | Build | Farm |
| 20:08 | Build | Farm |
| 20:25 | Create | Unit 2626 |
| 20:47 | Create | Archer |
| 20:47 | Create | Archer |
| 20:50 | Research | Fletching |
| 20:55 | Research | Double-Bit Axe |
| 21:03 | Build | Farm |
| 21:04 | Build | Farm |
| 21:04 | Build | Farm |
| 21:07 | Build | Farm |
| 21:11 | Research | Horse Collar |
| 21:29 | Create | Archer |
| 21:29 | Create | Archer |
| 21:29 | Create | Archer |
| 21:52 | Create | Villager (Male) |
| 22:16 | Create | Archer |
| 22:36 | Build | Town Center |
| 22:41 | Research | Crossbowman (upgrade) |
| 22:50 | Create | Fishing Ship |
| 22:50 | Create | Fishing Ship |
| 23:20 | Build | Dock |
| 23:32 | Research | Wheelbarrow |
| 23:33 | Create | Villager (Male) |
| 23:36 | Create | Archer |
| 23:37 | Create | Archer |
| 24:02 | Research | Bodkin Arrow |
| 24:41 | Create | Villager (Male) ×5 |
| 24:50 | Create | Archer |
| 24:51 | Create | Archer |
| 25:10 | Build | Farm |
| 25:14 | Research | Bow Saw |
| 25:25 | Build | Town Center |
| 26:05 | Build | Farm |
| 26:09 | Create | Villager (Male) |
| 26:09 | Create | Villager (Male) |
| 26:10 | Create | Villager (Male) |
| 26:10 | Create | Villager (Male) |
| 26:10 | Create | Villager (Male) |
| 26:10 | Create | Villager (Male) |
| 26:11 | Create | Villager (Male) |
| 26:14 | Create | Fishing Ship |
| 26:42 | Build | Farm |
| 26:47 | Research | Tech 906 |
| 27:13 | Build | Farm |
| 27:19 | Create | Archer |
| 27:19 | Create | Archer |
| 27:19 | Create | Archer |
| 27:20 | Create | Archer |
| 27:20 | Create | Archer |
| 27:20 | Create | Archer |
| 27:25 | Research | Padded Archer Armor |
| 27:31 | Build | Archery Range |
| 27:34 | Build | Farm |
| 27:40 | Build | Farm |
| 27:47 | Create | Villager (Male) |
| 27:47 | Create | Villager (Male) |
| 27:51 | Create | Villager (Male) ×5 |
| 28:14 | Create | Archer |
| 28:14 | Create | Archer |
| 28:17 | Build | Farm |
| 28:24 | Build | Farm |
| 28:24 | Build | Farm |
| 28:25 | Build | Farm |
| 28:25 | Build | Farm |
| 28:37 | Build | Outpost |
| 28:39 | Build | Outpost |
| 28:42 | Build | Outpost |
| 28:46 | Build | House |
| 29:01 | Create | Fishing Ship |
| 29:02 | Create | Fishing Ship |
| 29:13 | Create | Villager (Male) |
| 29:13 | Create | Villager (Male) |
| 29:14 | Create | Villager (Male) |
| 29:14 | Create | Villager (Male) |
| 29:14 | Create | Villager (Male) |
| 29:15 | Create | Villager (Male) |
| 29:15 | Create | Villager (Male) |
| 29:21 | Create | Archer |
| 29:21 | Create | Archer |
Match timeline
| 1:48 | TheDugieBoys · first_building Dock |
| 8:15 | Nebuchadnezzar · first_building Dock |
| 12:18 | TheDugieBoys · first_building Barracks |
| 13:29 | Nebuchadnezzar · first_building Barracks |
| 13:51 | TheDugieBoys · wall_segment Palisade Wall x7 |
| 14:37 | Nebuchadnezzar · age_up feudal |
| 14:48 | Nebuchadnezzar · first_building Archery Range |
| 15:49 | TheDugieBoys · first_building Archery Range |
| 18:31 | Nebuchadnezzar · wall_segment Palisade Wall x1 |
| 19:31 | TheDugieBoys · wall_segment Palisade Wall x9 |
| 23:58 | Nebuchadnezzar · age_up castle |
| 24:45 | Nebuchadnezzar · first_building Castle |
| 32:26 | TheDugieBoys · first_building Monastery |
| 33:48 | Nebuchadnezzar · first_building Stable |
| 35:19 | Nebuchadnezzar · first_building Siege Workshop |
| 35:46 | TheDugieBoys · first_building Castle |
| 38:24 | TheDugieBoys · first_building Siege Workshop |
| 40:52 | Nebuchadnezzar · age_up imperial |
| 63:23 | TheDugieBoys · first_building Stable |
| 72:33 | Nebuchadnezzar · resign |
[ AI ANALYSIS · 1 CREDIT ]
What really happened in this match?
Wolo.gg analyzes every decision: build order, eco, micro, common mistakes by bracket. Personalized analysis on WhatsApp or Discord in 30 seconds.
Civ guide
Byzantines
Perfil
Jugador #324699